Map: Acropolis LE

Players

Smeeeger

  • Race: Zerg Zerg
  • League: Platinum
  • Spawn Location: 11:00

Thunderking - Winner!

  • Race: Zerg Zerg
  • League: Platinum
  • Spawn Location: 5:00

VOD

Have the link to the VOD?

Description

Time

  • Played on: July 12, 2019, 7:25 p.m.
  • Length: 5:10
Show
View Real Time Build Order
Export as new Build Order

Smeeeger Zerg 

Build Orders: Hatch First 

Get SALT Encoding   

  12  0:01  Drone  
  13  0:18  Overlord  
  13  0:19  Drone  
  14  0:36  Drone  
  14  0:37  Drone  
  14  0:41  Drone  
  17  0:52  Drone  
  18  1:00  Hatchery  
  17  1:06  Drone, Extractor  
  17  1:20  Drone, Spawning Pool  
  17  1:23  Drone  
  18  1:34  Drone  
  19  1:46  Overlord  
  19  2:07  Queen  
  19  2:08  Zergling x4  
  23  2:13  Queen  
  23  2:14  Zergling x2  
  26  2:16  Metabolic Boost  
  26  2:21  Drone  
  27  2:40  Drone  
  27  2:42  Drone x3, Queen  
  33  2:49  Overlord  
  33  3:01  Hatchery  
  32  3:12  Drone x5  
  34  3:17  Drone  
  35  3:27  Overlord x2  
  35  3:30  Zergling x4  
  35  3:32  Zergling x2  
  38  3:34  Drone  
  39  3:43  Zergling x4  
  41  3:49  Zergling x2  
  41  3:50  Drone  
  43  4:05  Drone  
  43  4:06  Drone x4  
  43  4:08  Overlord, Evolution Chamber  
  48  4:10  Drone  
  48  4:11  Roach Warren, Extractor  
  48  4:13  Extractor  
  48  4:17  Drone x2  
  43  4:34  Drone x3  
  43  4:35  Overlord  
  46  4:42  Zergling x4  
  46  4:50  Zergling x4  
  46  4:51  Roach  
Show
View Real Time Build Order
Export as new Build Order

Thunderking Zerg - Winner!

Build Orders: Pool First 

Get SALT Encoding   

  12  0:01  Drone  
  13  0:12  Overlord  
  13  0:17  Drone  
  14  0:31  Drone x2  
  16  0:38  Drone  
  17  0:45  Drone  
  17  0:48  Extractor  
  17  0:52  Spawning Pool  
  17  0:56  Drone  
  17  1:18  Hatchery  
  17  1:22  Drone  
  17  1:23  Drone  
  18  1:36  Drone  
  18  1:39  Queen  
  21  1:46  Overlord  
  21  1:54  Metabolic Boost  
  21  2:02  Drone  
  21  2:08  Drone  
  23  2:14  Drone  
  24  2:27  Drone  
  25  2:30  Queen  
  27  2:38  Zergling x2  
  27  2:40  Zergling x2  
  27  2:44  Zergling x4  
  31  2:48  Queen  
  33  2:53  Zergling x6  
  34  3:13  Zergling x2  
  35  3:22  Overlord x2  
  35  3:42  Baneling Nest  
  35  3:43  Drone x7  
  35  3:44  Drone  
  42  4:05  Zergling x2  
  42  4:06  Zergling x12  
  49  4:14  Zergling x2  
  50  4:20  Zergling x2  
  50  4:21  Overlord  
  51  4:29  Zergling x2  
  46  4:49  Zergling x12  
  46  4:50  Zergling x2  
Tags
 
Add a new tag
Caveats
  • Supply blocks, unpowered buildings, or Contaminate may cause inaccurate times.
  • Supply counts are checked every 10 seconds.